 Dungeon Crawl Stone Soup version 0.25-a0-189-gf71692caf1 (webtiles) character file.

Game seed: 9782020024123073688, levelgen mode: deterministic

280 Denox the Ducker (level 6, 43/43 HPs)
             Began as a Vampire Warper on Nov 29, 2019.
             Quit the game on level 4 of the Dungeon on Jan 15, 2020.
             The game lasted 00:22:56 (3698 turns).

Denox the Ducker (Vampire Warper)                   Turns: 3698, Time: 00:22:56

Health: 43/43      AC:  7    Str:  9 (10) XL:     6   Next: 5%
Magic:  9/9        EV: 14    Int: 15 (17) God:
Gold:   185        SH:  5    Dex: 13 (14) Spells: 2/9 levels left

rFire    . . .     SeeInvis +   a - +2 hand axe
rCold    + . .     Gourm    .   (no shield)
rNeg     + + .     Faith    .   j - +2 robe {rN+}
rPois    .         Spirit   .   (no helmet)
rElec    .         Reflect  +   g - +0 cloak
rCorr    .         Harm     .   m - +0 pair of gloves
MR       .....                  h - +0 pair of boots
Stlth    ++........             o - +5 amulet of reflection
HPRegen  0.34/turn              c - ring of protection from cold
MPRegen  0.11/turn              k - ring of positive energy

@: regenerating quickly
A: no food, fangs 3, see invisible, [frail 1], unbreathing
a: Exsanguinate


You were on level 4 of the Dungeon.
You were alive.

You visited 1 branch of the dungeon, and saw 5 of its levels.

You collected 185 gold pieces.

Inventory:

Hand Weapons
 a - a +2 hand axe (weapon)
Missiles
 e - a boomerang of dispersal (quivered)
 f - 2 silver boomerangs
Armour
 g - a +0 cloak (worn)
 h - a +0 pair of boots (worn)
 j - a +2 robe of positive energy (worn)
 m - a +0 pair of gloves (worn)
Jewellery
 c - a ring of protection from cold (left hand)
 k - a ring of positive energy (right hand)
 o - a +5 amulet of reflection (around neck)
Scrolls
 b - a scroll of amnesia
 d - 2 scrolls of blinking
 i - a scroll of teleportation
 l - a scroll of remove curse
 n - 2 scrolls of identify
Potions
 p - a potion of curing


   Skills:
 * Level 3.9 Fighting
 - Level 1.7 Axes
 - Level 0.7 Throwing
 - Level 0.7 Armour
 * Level 4.6 Dodging
 + Level 4.0 Stealth
 - Level 2.0 Spellcasting
 - Level 2.4 Translocations


You had 2 spell levels left.
You knew the following spells:

 Your Spells              Type           Power        Failure   Level  Hunger
a - Blink                 Tloc           N/A          13%         2    N/A
b - Shroud of Golubria    Chrm/Tloc      #.....       21%         2    N/A
c - Teleport Other        Tloc           #.......     26%         3    N/A

Your spell library contained the following spells:

 Spells                   Type           Power        Failure   Level  Hunger
 Gell's Gravitas          Tloc           #.........   26%         3    N/A
 Lesser Beckoning         Tloc           #.........   26%         3    N/A
 Passage of Golubria      Tloc           N/A          63%         4    N/A

Dungeon Overview and Level Annotations

Branches:
Dungeon (5/15)
 Temple: D:4-7

Altars:
Elyvilon
Qazlal
Trog
Xom
The Shining One

Shops:
D:4 (

Annotations:
D:4 exclusion: 2 doors


Innate Abilities, Weirdness & Mutations

You do not eat.
Your natural rate of healing is unusually fast.
You have razor-sharp teeth.
You have supernaturally acute eyesight. (SInv)
You can survive without breathing.
[You are frail. (-10% HP)]


Message History

There is an open door here.
You start resting.
Your shroud unravels.
You start resting.
Magic restored.
You start resting.
HP restored.
At your current blood state you heal quickly.
Your movement speed is average.
Your attack speed is below average.
Your base attributes are Str 10, Int 17, Dex 14.
There is an open door here.
There is an open door here.
Save game and exit?
Level annotation: exclusion: 2 doors Welcome back, Denox the Vampire Warper.
Press ? for a list of commands and other information.
Unknown command.
Quiver which item? (- for none, * to show all) (? for menu, Esc to quit)
Okay, then.
Are you sure you want to abandon this character and quit the game? (Confirm with "yes".)

....#'#### #####..........#
'##......# #.>.....#####...
..#......# #.......#...#...
..#......# #.......#...#...
).#......# #.....O.#...#...
..'...<..# #.......#...#...
.##......#########.......##..#...
.#########.#..#..######'###..##+#
...........#....@............#...
....PP.....#.................#...
....P∩P....#.................#...
.#...P....###..####..###.########
###.......###'#####..###.########
...#..#.........#................
...+..#.........#................
#'###.###.##.####...######.######
..###.###.##.#############'###.##


There were no monsters in sight!

Vanquished Creatures
  An ogre (D:4)
  Jessica (D:2)
  An iguana (D:4)
  A hound skeleton (D:4)
  4 adders
  A howler monkey skeleton (D:4)
  An ooze (D:1)
  2 worms
  2 dart slugs (D:2)
  3 leopard geckos
  An orc (D:4)
  5 giant cockroaches
  5 goblins
  8 hobgoblins
  6 jackals (D:4)
  5 kobolds
  2 quokkas (D:5)
  11 bats
  3 frilled lizards
  5 rats
68 creatures vanquished.

Notes
Turn   | Place    | Note
-------+----------+-------------------------------------------
     0 | D:1      | Denox the Vampire Warper began the quest for the Orb.
     0 | D:1      | Reached XP level 1. HP: 16/16 MP: 3/3
    83 | D:1      | Reached skill level 1 in Stealth
    83 | D:1      | Reached XP level 2. HP: 22/22 MP: 5/5
   223 | D:1      | Learned a level 2 spell: Blink
   226 | D:1      | Learned a level 2 spell: Shroud of Golubria
   896 | D:2      | Reached XP level 3. HP: 28/28 MP: 6/6
   907 | D:2      | Noticed Jessica
   991 | D:2      | Found a glowing golden altar of the Shining One.
  1019 | D:2      | Found a shimmering altar of Xom.
  1025 | D:2      | Found a shimmering altar of Xom.
  1025 | D:2      | Found a shimmering altar of Xom.
  1298 | D:2      | Found a faded altar of an unknown god.
  1356 | D:2      | Killed Jessica
  1356 | D:2      | Reached XP level 4. HP: 26/34 MP: 4/7
  1762 | D:3      | Noticed a bullfrog
  1812 | D:2      | Learned a level 3 spell: Teleport Other
  2364 | D:4      | Reached XP level 5. HP: 41/41 MP: 8/8
  2415 | D:4      | Found a stormy altar of Qazlal.
  2415 | D:4      | Found a white marble altar of Elyvilon.
  2416 | D:4      | Found a bloodstained altar of Trog.
  2436 | D:4      | Noticed an ogre
  2662 | D:4      | Noticed an ogre
  2740 | D:4      | Found Ongik Kai's Antique Weapon Emporium.
  2808 | D:4      | Noticed a sky beast
  3119 | D:5      | Entered Level 5 of the Dungeon
  3164 | D:5      | Noticed a centaur
  3550 | D:4      | HP: 1/36 [ogre/+0 giant club (12)]
  3553 | D:4      | Killed an ogre
  3553 | D:4      | Reached XP level 6. HP: 3/43 MP: 3/9
  3698 | D:4      | Quit the game

Levels and vault maps discovered:
D:1:      nagdon_arrival_zigzag_paths, layout_basic,
          chequers_serial_rivers_micro_a, minmay_3d_cube
D:2:      layout_loops_ring, nicolae_tso_carved_into_rock, first_ration,
          chequers_ecumenical_altar_island, xom_redecorated, uniq_jessica
D:3:      layout_loops_ring, minivault_24, hangedman_decor_points
D:4:      layout_gridville, chequers_temple_overflow_statue_of_worship,
          serial_shops, nicolae_shop_overgrown_old_shop, minmay_misc_feat_iff
D:5:      layout_gridville, kennysheep_little_box, zin_angel,
          minmay_temple_entry_from_below_a, kennysheep_boxes

Skill      XL: |  1  2  3  4  5 |
---------------+----------------+-----
Fighting       | 2 3 |  3.9
Stealth        | 1 2 3 4 |  4.0
Dodging        | 3 4 |  4.6
Axes           | |  1.7
Throwing       | |  0.7
Armour         | |  0.7
Spellcasting   | |  2.0
Translocations | |  2.4

Action                   |  1- 3 |  4- 6 || total
-------------------------+-------+-------++-------
Melee: Hand axe          |   116 |   145 ||   261
       Bite              |     3 |     7 ||    10
Throw: Boomerang         |     4 |       ||     4
 Cast: Shroud of Golubri |     1 |     5 ||     6
       Teleport Other    |       |     7 ||     7
 Abil: Exsanguinate      |       |     2 ||     2
       Bat Form          |       |     1 ||     1
       Revivify          |       |     1 ||     1
  Use: Scroll            |     2 |     7 ||     9
       Potion            |       |     2 ||     2
 Stab: Sleeping          |     3 |     6 ||     9
Armor: Leather armour    |    20 |       ||    20
       Robe              |    18 |    63 ||    81
Dodge: Dodged            |    75 |   157 ||   232
Block: Other             |       |    29 ||    29
       Reflection        |       |     2 ||     2

Table legend:
 A = Non-vault XP
 B = Vault XP
 C = Vault XP percentage of total XP
 D = Non-vault monster count
 E = Vault monster count
 F = Vault count percentage of total count
                 A         B        C        D         E       F
            +---------+---------+-------+---------+---------+-------
      Total |     354 |      47 |  11.7 |      62 |       6 |   8.8
            +---------+---------+-------+---------+---------+-------
        D:1 |      29 |      10 |  25.6 |      13 |       5 |  27.8
        D:2 |      34 |      37 |  52.1 |      18 |       1 |   5.3
        D:3 |      64 |       0 |   0.0 |      15 |       0 |   0.0
        D:4 |     223 |       0 |   0.0 |      14 |       0 |   0.0
        D:5 |       4 |       0 |   0.0 |       2 |       0 |   0.0
            +---------+---------+-------+---------+---------+-------
